 Dungeon Crawl Stone Soup version 0.29-a0-362-g5854e031c7 (webtiles) character file.

Game seed: 12995281664113980457

211 ytrimaz the Skirmisher (level 5, 48/48 HPs)
             Began as a Minotaur Berserker on Apr 29, 2022.
             Was a Believer of Trog.
             Quit the game on level 3 of the Dungeon.
             The game lasted 00:03:59 (2711 turns).

ytrimaz the Skirmisher (Minotaur Berserker)         Turns: 2711, Time: 00:04:00

Health: 48/48      AC: 13    Str: 24    XL:     5   Next: 57%
Magic:  4/4        EV:  7    Int:  8    God:    Trog [**....]
Gold:   107        SH:  0    Dex: 12    Spells: 4/4 levels left

rFire   . . .      SeeInvis .   l - +6 spear "Olithroe" {freeze, rPois rCorr Int+4 Dex+3}
rCold   . . .      Faith    .   (no shield)
rNeg    . . .      Spirit   +   o - +0 plate armour
rPois   +          Reflect  .   (helmet restricted)
rElec   .          Harm     .   m - +1 cloak
rCorr   +          Rampage  .   (no gloves)
Will    .....                   (no boots)
Stlth   ..........              e - amulet of guardian spirit
HPRegen 0.16/turn               (no ring)
MPRegen 0.09/turn               (no ring)

@: no status effects
A: horns 2, retaliatory headbutt
a: Renounce Religion, Berserk, Trog's Hand


You were on level 3 of the Dungeon.
You worshipped Trog.
Trog was pleased with you.
You visited 1 branch of the dungeon, and saw 3 of its levels.

You collected 107 gold pieces.

Inventory:

Hand Weapons
 a - a +0 hand axe of flaming
 l - the +6 spear "Olithroe" (weapon) {freeze, rPois rCorr Int+4 Dex+3}
   (You found it on level 2 of the Dungeon)

   It freezes those it strikes, dealing additional cold damage.
   It can also slow down cold-blooded creatures.
   Int:       It affects your intelligence (+4).
   Dex:       It affects your dexterity (+3).
   rPois:     It protects you from poison.
   rCorr:     It protects you from acid and corrosion.
Missiles
 c - 2 javelins (quivered)
Armour
 m - a +1 cloak (worn)
 o - a +0 plate armour (worn)
Jewellery
 e - an amulet of guardian spirit (around neck)
Scrolls
 g - a scroll of teleportation
Potions
 f - a potion of magic {unknown}
 h - a potion of resistance {unknown}
 i - 3 potions of heal wounds {unknown}
 j - 2 potions of brilliance {unknown}
 k - 2 potions of curing {unknown}
 n - a potion of might {unknown}
 p - a potion of mutation {unknown}


   Skills:
 + Level 5.2 Fighting
 - Level 4.4(5.1) Axes
 * Level 3.7(4.7) Polearms
 + Level 3.1 Armour
 + Level 2.9 Dodging


You had 4 spell levels left.
You didn't know any spells.
Your spell library was empty.

Dungeon Overview and Level Annotations

Branches:
Dungeon (3/15)

Altars:

Shops:
D:3 :


Innate Abilities, Weirdness & Mutations

You have a pair of horns on your head.
You reflexively headbutt those who attack you in melee.


Message History

You open the door.
You see here 10 stones.
A bat comes into view.
The bat moves out of view.
A bat is nearby!
A bat is nearby!
A bat is nearby!
You miss the bat. The bat hits you but does no damage.
You barely miss the bat. Your headbutt misses the bat.
The bat barely misses you. The bat hits you.
You closely miss the bat. The bat hits you but does no damage.
The bat hits you but does no damage. The bat closely misses you.
You furiously retaliate!
You headbutt the bat.
You kill the bat!
Trog accepts your kill.
No target in view!
No target in view!
No target in view!
No target in view!
No target in view!
No target in view!
No target in view!
No target in view!
No target in view!
You see here a +0 leather armour.
You see here a +0 long sword.
Found a short sword.
You see here a +0 short sword.
Found a stone staircase leading up.
You see here a +0 short sword.
You see here a +0 long sword.
You see here a +0 whip.
You see here a rat skeleton.
Key pressed, stopping explore.
There is a stone staircase leading down here.
Done exploring.
Done exploring.
Done exploring.
Done exploring.
Are you sure you want to abandon this character and quit the game? (Confirm with "yes".)

.............#
############.# # #.# #
#.# # #.# #
#.###########
#########
#...........#
........#
#...........#
........#
#....@......#
........#
#.###########
........# #.#########
######### #.........#
# #.........#
############.........#
.....>...............#
.....................#
.###########.........#


There were no monsters in sight!

Vanquished Creatures
  An orc priest (D:3)
  An orc wizard (D:3)
  Natasha (twice) (D:2)
  5 adders
  A worm (D:2)
  3 orcs (D:3)
  3 endoplasms
  4 giant cockroaches
  6 goblins
  5 hobgoblins
  2 jackals (D:1)
  7 kobolds
  3 quokkas
  3 ball pythons
  3 bats
  3 frilled lizards
  5 rats
57 creatures vanquished.

Notes
Turn   | Place    | Note
-------+----------+-------------------------------------------
     0 | D:1      | ytrimaz the Minotaur Berserker began the quest for the Orb.
     0 | D:1      | Reached XP level 1. HP: 19/19 MP: 0/0
    87 | D:1      | Reached XP level 2. HP: 15/27 MP: 1/1
    94 | D:1      | Reached skill level 4 in Fighting
  1068 | D:2      | Reached ** piety under Trog
  1069 | D:2      | Reached XP level 3. HP: 32/33 MP: 2/2
  1161 | D:2      | Identified the +6 spear "Olithroe" {freeze, rPois rCorr
                  | Int+4 Dex+3}
  1787 | D:2      | Reached skill level 1 in Polearms
  1787 | D:2      | Reached XP level 4. HP: 41/41 MP: 3/3
  1791 | D:2      | Noticed Natasha
  1797 | D:2      | Killed Natasha
  2064 | D:2      | Noticed Natasha
  2068 | D:2      | Killed Natasha
  2069 | D:2      | Reached skill level 5 in Fighting
  2177 | D:3      | Found Guittuha's Book Boutique.
  2279 | D:3      | Reached XP level 5. HP: 47/48 MP: 2/4
  2711 | D:3      | Quit the game

Illustrated notes

Levels and vault maps discovered:
D:1:      giann_horns, layout_basic, minmay_tripent
D:2:      layout_basic, kennysheep_generic_room_16, uniq_natasha
D:3:      layout_basic, serial_shops, shop_fountains

Skill      XL: |  1  2  3  4  5 |
---------------+----------------+-----
Fighting       | 4 5 |  5.2
Axes           | 4 |  4.4
Polearms       | 1 2 3 |  3.7
Armour         | 3 |  3.1
Dodging        | |  2.9

Action                   |  1- 3 |  4- 6 || total
-------------------------+-------+-------++-------
Melee: Hand axe          |    45 |       ||    45
       Headbutt          |     8 |     3 ||    11
       Spear             |    21 |    42 ||    63
       Punch             |     1 |       ||     1
Invok: Berserk           |       |     1 ||     1
  Use: Scroll            |       |     3 ||     3
 Stab: Sleeping          |     1 |       ||     1
Armor: Animal skin       |     8 |       ||     8
       Plate armour      |     2 |    15 ||    17
Dodge: Dodged            |    29 |    15 ||    44

Table legend: (Time is in decaauts)
 A = Elapsed time spent in this place.
 B = Non-inter-level travel time spent in this place.
 C = Inter-level travel time spent in this place.
 D = Time resting spent in this place.
 E = Time spent auto-exploring this place.
 F = Levels seen in this place.
 G = Mean time per level.
                   A        B        C        D        E       F      G
               +--------+--------+--------+--------+--------+-----+--------+
         Total |   2722 |   2674 |     48 |      0 |   2298 |   3 |  907.3 |
       Dungeon |   2722 |   2674 |     48 |      0 |   2298 |   3 |  907.3 |
               +--------+--------+--------+--------+--------+-----+--------+

Top non-repeatable levels by time:
     D:1: 1056 daAuts
     D:2: 1022 daAuts
     D:3: 643 daAuts
